 Dungeon Crawl Stone Soup version 0.18-a0-1718-g40ea4b6 (webtiles) character file.

29500 Duffy the Thaumaturge (level 13, 76/76 HPs)
             Began as a Deep Elf Fire Elementalist on Apr 8, 2016.
             Was the Champion of Sif Muna.
             Quit the game on level 7 of the Dungeon.
             The game lasted 00:50:12 (22772 turns).

Duffy the Thaumaturge (Deep Elf Fire Elementalist) Turns: 22772, Time: 00:50:12

Health: 76/76      AC: 22    Str: 13    XL:     13   Next: 15%
Magic:  31/31      EV: 17    Int: 31    God:    Sif Muna [******]
Gold:   395        SH:  0    Dex: 15    Spells: 10 memorised, 5 levels left

rFire  . . .     SeeInvis .     J - +1 flail (protect)
rCold  + . .     Gourm    .     w - +3 leather armour of the Shore {rC+ Slay+4 Stlth-}
rNeg   . . .     Faith    .     (no shield)
rPois  .         Spirit   .     G - +2 helmet
rElec  .         Dismiss  .     P - +1 cloak
rCorr  .         Reflect  .     h - +2 pair of gloves {Str+3}
SustAt .         Harm     .     L - +2 pair of boots
MR     +....                    (no amulet)
Stlth  +.........               (no ring)
                                (no ring)

@: mighty, brilliant, delayed fireball, somewhat resistant to hostile
enchantments, very unstealthy
A: no striking features
a: Channel Energy, Forget Spell, Renounce Religion, Release Delayed Fireball


You were on level 7 of the Dungeon.
You worshipped Sif Muna.
Sif Muna was exalted by your worship.
You were not hungry.

You visited 2 branches of the dungeon, and saw 14 of its levels.

You collected 979 gold pieces.
You spent 584 gold pieces at shops.


   Skills:
 - Level 7.5 Fighting
 - Level 9.0 Dodging
 - Level 2.4 Stealth
 + Level 12.3 Spellcasting
 - Level 11.4 Conjurations
 - Level 4.8 Charms
 - Level 10.2 Fire Magic
 - Level 1.1 Air Magic
 + Level 9.2 Earth Magic
 - Level 5.0 Invocations


You had 5 spell levels left.
You knew the following spells:

 Your Spells              Type           Power        Failure   Level  Hunger
a - Flame Tongue          Conj/Fire      #####        1%          1    None
e - Apportation           Tloc           #####.....   1%          1    None
h - Bolt of Fire          Conj/Fire      #######...   1%          6    ####...
i - Iron Shot             Conj/Erth      #######...   1%          6    ####...
j - Sticky Flame          Conj/Fire      #######.     1%          4    None
k - Fireball              Conj/Fire      #######...   1%          5    #......
l - Conjure Flame         Conj/Fire      #######.     1%          3    None
m - Repel Missiles        Chrm/Air       ######       1%          2    None
t - Summon Butterflies    Summ           #####...     1%          1    None
K - Delayed Fireball      Conj/Fire      N/A          4%          7    ######.

Inventory:

Hand Weapons
 u - a +1 blowgun
 J - a +1 flail of protection (weapon)
Missiles
 d - 27 tomahawks (quivered)
 o - 37 poisoned needles
 t - 4 throwing nets
 Y - 3 curare-tipped needles
Armour
 h - a +2 pair of gloves of strength (worn)
 w - the +3 leather armour of the Shore (worn) {rC+ Slay+4 Stlth-}

   It affects your accuracy and damage with ranged weapons and melee attacks
   (+4).
   It protects you from cold.
   It makes you less stealthy.
 G - a +2 helmet (worn)
 K - a +0 buckler
 L - a +2 pair of boots (worn)
 P - a +1 cloak (worn)
Magical Staves
 x - an uncursed staff of death
 z - an uncursed staff of wizardry
Jewellery
 i - an uncursed ring of wizardry
Wands
 B - a wand of paralysis (24/24)
 F - a wand of polymorph (8/24)
Scrolls
 e - 8 scrolls of magic mapping
 g - 4 scrolls of remove curse
 j - a scroll of enchant weapon
 l - 5 scrolls of amnesia
 v - 2 scrolls of teleportation
 y - 3 scrolls of fear
 R - 3 scrolls of immolation
 S - a scroll of blinking
Potions
 a - a potion of cancellation
 n - a potion of invisibility
 q - a potion of haste
 r - 2 potions of curing
 A - 2 potions of heal wounds
 C - 3 potions of agility
 E - 2 potions of brilliance
 N - 2 potions of cure mutation
Comestibles
 b - 4 chunks of flesh
 c - 7 bread rations
 f - a slice of pizza
 m - 4 meat rations
 M - 16 fruits

Dungeon Overview and Level Annotations

Branches:
Dungeon (11/15)            Temple (0/1) D:5            Lair (3/8) D:10
  Swamp (0/4) Lair:3          Orc (0/2) D:11
  Snake: Lair:3-6    Spider: Lair:3-6

Altars:
Elyvilon
Gozag
Kikubaaqudgha
Makhleb
Okawaru
Pakellas
Qazlal
Ru
Sif Muna
Trog
Xom
Yredelemnul
Zin
The Shining One

Shops:
D:7 [:*(=

Annotations:
Lair:3 barb4r1an's ghost, journeyman HOFi


Message History

Charge which item? (? for menu, Esc to quit)
Your wand of paralysis (15/24) glows for a moment and now has 24 charges.
Read which item? (? for menu, Esc to quit)
As you read the scroll labeled MAQUSHR TOOLA, it crumbles to dust.
Magic quickly surges around you.
It was a scroll of vulnerability.
Read which item? (? for menu, Esc to quit)
As you read the scroll labeled JEVARRO FYPSYTZ, it crumbles to dust.
It is a scroll of brand weapon.
Brand which weapon? (? for menu, Esc to quit)
Your +1 flail of holy wrath projects an invisible shield of force!
J - a +1 flail of protection Drop what? 41/52 slots (_ for help) (? for menu, Esc to quit)
You feel less protected.
You are now empty-handed.
You drop a +0 short sword of protection.
Wield which item (- for none, * to show all)? (? for menu, Esc to quit)
You feel protected!
J - a +1 flail of protection (weapon)
Read which item? (? for menu, Esc to quit)
As you read the scroll labeled AHAQITA OMUTA, it crumbles to dust.
The scroll dissolves into smoke.
It was a scroll of fog.
You start waiting.
You feel less vulnerable to hostile enchantments.
Read which item? (? for menu, Esc to quit)
Okay, then.
Drink which item? (? for menu, Esc to quit)
It was a potion of heal wounds.
You feel much better.
Drink which item? (? for menu, Esc to quit)
It was a potion of brilliance.
You feel clever all of a sudden.
Drink which item? (? for menu, Esc to quit)
It was a potion of cure mutation.
It has a very clean taste.
Drink which item? (? for menu, Esc to quit)
It was a potion of might.
You feel very mighty all of a sudden.
Are you sure you want to abandon this character and quit the game? (Confirm with "yes".)

.# #.............)...)..)..(.).
.##########.............).)#.....
.'.......##................#.....
.#######.##..............[.#.....
.# #.##..........).....###### .#
#.#.................###### .#
#.#).....................# .#
##.#'##..........##.......# .#
#.....#...@.....[\........#
.########...##+#.......##.......#
.......[.....'\'.......##.......#
.########...##+#.......##.......#
(########...##...########.......#
.##.........###### #.......#
.##.#####'######## #####'###
.##.# #..........######## #.#
###.# #..........#......# #.#


There were no monsters in sight!

Action                   |  1- 3 |  4- 6 |  7- 9 | 10-12 | 13-15 || total
-------------------------+-------+-------+-------+-------+-------++-------
Melee: Short sword       |       |       |    32 |    56 |    20 ||   108
       Flail             |       |       |    13 |    13 |       ||    26
 Cast: Flame Tongue      |    53 |   127 |   345 |   456 |    44 ||  1025
       Conjure Flame     |       |     5 |    15 |    56 |     3 ||    79
       Sticky Flame      |       |     1 |    14 |    85 |    11 ||   111
       Fireball          |       |       |     2 |    33 |       ||    35
       Repel Missiles    |       |       |       |     2 |       ||     2
       Iron Shot         |       |       |       |     3 |     3 ||     6
       Bolt of Fire      |       |       |       |     3 |       ||     3
       Delayed Fireball  |       |       |       |     1 |       ||     1
Invok: Channel Energy    |       |       |       |    14 |       ||    14
  Use: Scroll            |       |     6 |     3 |     5 |    10 ||    24
       Potion            |       |       |       |     1 |     4 ||     5
  Eat: Chunk             |     1 |    10 |    21 |    26 |     6 ||    64
       Beef jerky        |       |       |     1 |       |       ||     1
       Fruit             |       |       |       |     8 |       ||     8
       Pizza             |       |       |       |     5 |       ||     5
       Royal jelly       |       |       |       |     1 |       ||     1

Notes
Turn   | Place    | Note
--------------------------------------------------------------
     0 | D:1      | Duffy the Deep Elf Fire Elementalist began the quest for the Orb.
     0 | D:1      | Reached XP level 1. HP: 10/10 MP: 6/6
   227 | D:1      | Reached skill level 2 in Conjurations
   432 | D:1      | Reached XP level 2. HP: 15/15 MP: 5/8
   828 | D:2      | Reached skill level 3 in Conjurations
   848 | D:2      | Found a burning altar of Makhleb.
   881 | D:2      | Reached skill level 4 in Conjurations
   881 | D:2      | Reached XP level 3. HP: 16/19 MP: 5/9
   945 | D:2      | Learned a level 3 spell: Conjure Flame
  1236 | D:2      | Reached XP level 4. HP: 24/24 MP: 7/10
  1245 | D:2      | Learned a level 4 spell: Sticky Flame
  2079 | D:3      | Reached skill level 4 in Fire Magic
  2110 | D:3      | Found a faded altar to an unknown god.
  2166 | D:2      | Found a bloodstained altar of Trog.
  2325 | D:3      | Found a sacrificial altar of Ru.
  2434 | D:3      | Reached XP level 5. HP: 28/28 MP: 9/11
  2535 | D:3      | Noticed Terence
  2541 | D:3      | Killed Terence
  2746 | D:3      | Reached skill level 5 in Conjurations
  3212 | D:4      | Reached skill level 5 in Fire Magic
  3302 | D:4      | Reached XP level 6. HP: 32/32 MP: 8/13
  3434 | D:4      | Found a deep blue altar of Sif Muna.
  3441 | D:4      | Reached skill level 4 in Spellcasting
  3508 | D:4      | Became a worshipper of Sif Muna the Loreminder
  3800 | D:4      | Reached skill level 1 in Fighting
  4300 | D:5      | Entered Level 5 of the Dungeon
  4435 | D:5      | Reached XP level 7. HP: 38/38 MP: 12/15
  4564 | D:5      | Found a staircase to the Ecumenical Temple.
  4828 | D:5      | Reached skill level 2 in Fighting
  4948 | D:5      | Found an opulent altar of Gozag.
  5165 | D:6      | Reached skill level 6 in Conjurations
  5165 | D:6      | Reached skill level 6 in Fire Magic
  5230 | D:6      | Noticed Prince Ribbit
  5247 | D:6      | Killed Prince Ribbit
  5247 | D:6      | Reached * piety under Sif Muna
  5420 | D:6      | Reached skill level 1 in Invocations
  5460 | D:6      | Reached XP level 8. HP: 44/44 MP: 0/16
  5657 | D:6      | Learned a level 5 spell: Fireball
  5659 | D:6      | Learned a level 1 spell: Apportation
  5661 | D:6      | Learned a level 1 spell: Summon Butterflies
  5802 | D:6      | Found a stormy altar of Qazlal.
  5860 | D:6      | Reached skill level 7 in Conjurations
  5920 | D:6      | Noticed Sigmund
  5928 | D:6      | Killed Sigmund
  5928 | D:6      | Reached skill level 3 in Invocations
  5937 | D:6      | Reached skill level 4 in Invocations
  6044 | D:6      | Found a stormy altar of Qazlal.
  6130 | D:6      | Noticed Blork the orc
  6135 | D:6      | Killed Blork the orc
  6384 | D:6      | Reached skill level 5 in Invocations
  6445 | D:6      | Reached skill level 7 in Fire Magic
  6959 | D:6      | Reached skill level 3 in Fighting
  7322 | D:6      | Found a white marble altar of Elyvilon.
  7357 | D:6      | Found an ancient bone altar of Kikubaaqudgha.
  7618 | D:7      | Reached skill level 4 in Fighting
  7618 | D:7      | Reached XP level 9. HP: 52/52 MP: 8/17
  7784 | D:7      | Found Eguqan's Book Shoppe.
  7920 | D:7      | Found Dugurr's Antique Weapon Emporium.
  8090 | D:7      | Found Moyfro's Jewellery Emporium.
  8130 | D:7      | Reached ** piety under Sif Muna
  8225 | D:7      | Reached skill level 8 in Fire Magic
  8436 | D:7      | Reached skill level 8 in Conjurations
  8627 | D:7      | Found Odanamar's Antique Armour Emporium.
  8652 | D:7      | Found Caxt's Assorted Antiques.
  8721 | D:7      | Reached skill level 5 in Spellcasting
  9293 | D:7      | Bought a pair of runed boots for 135 gold pieces
  9707 | D:8      | Reached skill level 9 in Fire Magic
  9911 | D:8      | Reached skill level 9 in Conjurations
  9966 | D:8      | Found an oddly glowing altar of Pakellas.
  9980 | D:8      | Reached skill level 6 in Spellcasting
 10241 | D:8      | Noticed an angel
 10242 | D:8      | Found a shimmering altar of Xom.
 10242 | D:8      | Found a glowing silver altar of Zin.
 10386 | D:9      | Reached *** piety under Sif Muna
 10501 | D:9      | Found a basalt altar of Yredelemnul.
 10608 | D:9      | Reached XP level 10. HP: 43/56 MP: 7/21
 10812 | D:9      | Found an iron altar of Okawaru.
 10954 | D:9      | Noticed Maurice
 10976 | D:9      | Killed Maurice
 11417 | D:9      | Learned a level 2 spell: Repel Missiles
 11553 | D:9      | Reached skill level 10 in Conjurations
 11621 | D:9      | Reached skill level 10 in Fire Magic
 11634 | D:9      | Reached skill level 7 in Spellcasting
 11847 | D:9      | Reached **** piety under Sif Muna
 12162 | D:10     | Entered Level 10 of the Dungeon
 12167 | D:9      | Reached skill level 8 in Spellcasting
 12390 | D:10     | Noticed Erolcha
 12393 | D:10     | Killed Erolcha
 12393 | D:10     | Reached skill level 10 in Spellcasting
 12484 | D:10     | Reached ***** piety under Sif Muna
 12484 | D:10     | Reached skill level 1 in Charms
 12502 | D:10     | Noticed a flayed ghost
 12504 | D:10     | Killed a flayed ghost
 12504 | D:10     | Reached skill level 4 in Charms
 12590 | D:10     | Found a shimmering altar of Xom.
 12590 | D:10     | Found a glowing golden altar of the Shining One.
 12593 | D:10     | Reached skill level 1 in Air Magic
 12625 | D:10     | Got a faintly glowing ring mail
 12641 | D:10     | Noticed a tengu reaver
 12859 | D:10     | Reached skill level 3 in Dodging
 12982 | D:10     | Reached XP level 11. HP: 62/62 MP: 15/27
 13054 | D:10     | Reached skill level 4 in Dodging
 14414 | D:10     | Reached skill level 5 in Fighting
 14419 | D:10     | Reached skill level 5 in Dodging
 15084 | D:11     | Noticed a hill giant
 15120 | D:11     | Killed a hill giant
 15120 | D:11     | Reached skill level 6 in Dodging
 15390 | D:11     | Found a staircase to the Orcish Mines.
 15586 | D:11     | Noticed a centaur warrior
 15586 | D:11     | Reached skill level 6 in Fighting
 15599 | D:11     | Killed a centaur warrior
 15599 | D:11     | Reached skill level 7 in Dodging
 16039 | D:11     | Noticed a hill giant
 16064 | D:11     | Killed a hill giant
 16064 | D:11     | Reached skill level 8 in Dodging
 16270 | D:11     | Noticed a hill giant
 16292 | D:11     | Killed a hill giant
 16292 | D:11     | Reached skill level 7 in Fighting
 16749 | D:11     | Identified Mixup's Tome of Clay and Malediction (You found it on level 11 of the Dungeon)
 16798 | D:11     | Reached skill level 9 in Dodging
 17123 | D:10     | Found a staircase to the Lair.
 17133 | Lair:1   | Entered Level 1 of the Lair of Beasts
 17565 | Lair:1   | Reached XP level 12. HP: 66/72 MP: 12/28
 17788 | Lair:1   | Learned a level 6 spell: Iron Shot
 17918 | Lair:1   | Reached skill level 1 in Earth Magic
 18010 | Lair:1   | Reached skill level 2 in Earth Magic
 18443 | Lair:1   | Reached skill level 3 in Earth Magic
 19072 | Lair:2   | Noticed a four-headed hydra
 19090 | Lair:2   | Killed a four-headed hydra
 19090 | Lair:2   | Reached skill level 4 in Earth Magic
 19240 | Lair:2   | Reached ****** piety under Sif Muna
 19240 | Lair:2   | Received a gift from Sif Muna
 19242 | Lair:2   | Identified Sif Muna's Tome of Toxins and Combat Magic (Sif Muna gifted it to you on level 2 of the Lair of Beasts)
 19249 | Lair:2   | Reached skill level 11 in Spellcasting
 19250 | Lair:2   | Reached skill level 5 in Earth Magic
 19446 | Lair:2   | Learned a level 7 spell: Delayed Fireball
 19553 | Lair:2   | Learned a level 6 spell: Bolt of Fire
 19612 | Lair:2   | Noticed a seven-headed hydra
 19687 | Lair:2   | Killed a seven-headed hydra
 19787 | Lair:2   | Reached skill level 6 in Earth Magic
 20034 | Lair:2   | Reached skill level 11 in Conjurations
 20322 | Lair:2   | Reached skill level 7 in Earth Magic
 20879 | Lair:2   | Noticed Harold
 20883 | Lair:2   | Killed Harold
 21260 | Lair:2   | Received a gift from Sif Muna
 21266 | Lair:2   | Noticed an eight-headed hydra
 21290 | Lair:2   | Killed an eight-headed hydra
 21290 | Lair:2   | Reached skill level 12 in Spellcasting
 21290 | Lair:2   | Reached skill level 8 in Earth Magic
 21404 | Lair:2   | Reached XP level 13. HP: 29/76 MP: 20/31
 21830 | Lair:2   | Identified Sif Muna's Collected Works on Confrontation (Sif Muna gifted it to you on level 2 of the Lair of Beasts)
 22302 | Lair:3   | Found a staircase to the Swamp.
 22311 | Lair:3   | Noticed barb4r1an's ghost (journeyman HOFi)
 22356 | Lair:3   | Reached skill level 9 in Earth Magic
 22648 | D:7      | Bought a fine leather armour for 210 gold pieces
 22659 | D:7      | Identified the cursed +1 leather armour "Zokesm" {rPois} (You bought it in a shop on level 7 of the Dungeon)
 22660 | D:7      | Bought a translucent leather armour for 210 gold pieces
 22672 | D:7      | Identified the +3 leather armour of the Shore {rC+ Slay+4 Stlth-} (You bought it in a shop on level 7 of the Dungeon)
 22709 | D:7      | Bought a scroll labeled XODIACLUARO for 29 gold pieces
 22772 | D:7      | Quit the game

Vault maps used:
D:1:      dpeg_arrival_simpleton_c
D:2:      minmay_door_path, nicolae_overflow_hidden_temple,
          makhleb_heckhound_becter
D:3:      ecumenical_altar_1, nicolae_ru_path_of_blood, uniq_terence
D:4:      nicolae_tso_besieged_by_evil, lemuel_round_altar,
          gammafunk_temple_overflow_pools
D:5:      grunt_gozag_statues, minmay_temple_entry_purple_smoke, first_bread
D:6:      old_standard_altar, kennysheep_mini, marbit_many_paths,
          nicolae_qazlal_general_emergency, uniq_sigmund, uniq_blork_the_orc,
          uniq_prince_ribbit1
D:7:      serial_shops, nicolae_shop_statue_plus, nicolae_shop_behind_doors,
          nicolae_shop_waterfront, shop, shop
D:8:      grunt_temple_overflow_order_and_chaos_1, grunt_pakellas_salt
D:9:      yredelemnul_altar_generic, blue_anna_alchemist, okawaru_humans,
          uniq_maurice
D:10:     lair_0_dummy, jmf_multi_god_temple, uniq_erolcha
D:11:     orc_0_dummy
Lair:1:   serial_bayou_pond_d
Lair:2:   beast_lair_carwin_large_1, grunt_megastairs_1, uniq_harold
Lair:3:   dragon1_lemuel, swamp_mist, basic_altar

Vanquished Creatures
  Harold
  4 hydras Erolcha
  A catoblepas
  A centaur warrior
  3 hill giants
  A flayed ghost
  5 slime creatures Maurice
  2 black mambas
  6 spiny frogs
  8 komodo dragons Prince Ribbit
  2 trolls
  7 blink frogs Sigmund
  A wyvern
  27 yaks
  2 humans
  3 basilisks
  4 hippogriffs
  A hungry ghost
  A steam dragon
  10 water moccasins
  3 porcupines
  3 ice beasts
  A wasp
  2 sky beasts
  2 black bears
  An eye of draining
  7 ogres
  4 orc warriors
  2 phantoms
  5 wolves
  4 centaurs
  A crocodile Blork the orc
  2 big kobolds
  13 giant frogs
  A gnoll sergeant
  A scorpion
  10 killer bees
  18 wights
  A howler monkey
  5 crimson imps
  14 hounds
  6 jellies
  12 orc wizards
  6 orc priests
  A centaur skeleton Terence
  11 iguanas
  10 worker ants
  2 worker ant zombies
  13 gnolls
  6 adders
  34 river rats
  5 shadow imps
  An ooze
  3 adder skeletons
  An adder zombie
  3 worms
  7 giant geckos
  58 orcs
  4 ball pythons
  4 giant cockroaches
  6 goblins
  8 hobgoblins
  7 jackals
  6 quokkas
  10 bats
  8 giant newts
  13 kobolds
  2 quokka skeletons
  A quokka zombie
  5 rats
  A plant
450 creatures vanquished.
